 Dungeon Crawl Stone Soup version 0.20-b1-24-gb21faa7 (webtiles) character file.

236 Iflex the Poker (level 6, -1/47 HPs)
             Began as a Merfolk Gladiator on May 25, 2017.
             Slain by Grinder (3 damage)
             ... on level 3 of the Dungeon.
             The game lasted 00:06:49 (2695 turns).

Iflex the Poker (Merfolk Gladiator)                 Turns: 2695, Time: 00:06:50

Health: -1/47      AC:  5    Str: 14    XL:     6   Next: 6%
Magic:  6/6        EV: 15    Int:  8    God:
Gold:   145        SH:  0    Dex: 17    Spells: 5/5 levels left

rFire    . . .     SeeInvis .   a - +0 trident
rCold    . . .     Gourm    .   (no shield)
rNeg     . . .     Faith    .   q - +2 animal skin
rPois    .         Spirit   .   c - +0 helmet
rElec    .         Reflect  .   (no cloak)
rCorr    .         Harm     .   (no gloves)
MR       .....                  (no boots)
Stlth    ++........             (no amulet)
Regen    0.2/turn               (no ring)
MPRegen  0.1/turn               (no ring)

@: no status effects
A: change form in water, swift swim, stealthy swim
a: no special abilities


You were on level 3 of the Dungeon.
You were not hungry.

You visited 1 branch of the dungeon, and saw 3 of its levels.

You collected 145 gold pieces.

Inventory:

Hand Weapons
 a - a +0 trident (weapon)
Armour
 b - a +0 leather armour
 c - a +0 helmet (worn)
 e - a +0 cloak
 q - a +2 animal skin (worn)
Wands
 p - a wand of random effects (38/48)
 u - a wand of disintegration (5/24)
Scrolls
 i - a scroll of enchant weapon {unknown}
 k - a scroll of immolation {unknown}
 l - 3 scrolls of teleportation
 o - a scroll of remove curse {unknown}
 s - a scroll of amnesia {unknown}
 v - a scroll of recharging {unknown}
Potions
 h - 7 potions of curing
 j - 4 potions of haste
 r - a potion of heal wounds
 t - a potion of cancellation
Comestibles
 f - 3 bread rations
 g - 3 fruits
 m - 2 meat rations
 n - a royal jelly


   Skills:
 + Level 3.6 Fighting
 + Level 7.2 Polearms
 + Level 2.0 Throwing
 + Level 1.0 Armour
 + Level 5.3 Dodging
 + Level 0.5 Stealth


You had 5 spell levels left.
You didn't know any spells.

Dungeon Overview and Level Annotations

Branches:
Dungeon (3/15)

Altars:
Makhleb
Nemelex Xobeh
Ru
Vehumet
The Shining One

Annotations:
D:3 1 runed door, Grinder


Message History

Grinder misses you.
You hit Grinder.
Grinder is almost dead.
Grinder barely misses you.
You hit Grinder but do no damage.
Grinder is almost dead.
Grinder gestures at you.
You suddenly lose the ability to move!
Grinder hits you!
You writhe in agony.
Grinder gestures at you.
You barely resist. Grinder hits you. Grinder gestures at you.
Pain shoots through your body!
* * * LOW HITPOINT WARNING * * *
You can move again.
You hit Grinder but do no damage.
Grinder is almost dead.
Grinder hits you.
You die...

.[...# ### #....# #..
####....# #.#
.......###########.#
..>................
#....####.######.# #
#5...# #.## #.# #.#@...#
#..## #.# #.#(.#.#
##⌠.†## #.#
.####.#..#.###.._..###.#
...............⌠.⌠.....#
####..(....#####...#####
.......†#### ##### #
####....# # #....#
####### #..... .......


You could see Grinder.

Vanquished Creatures
  Terence (D:3)
  Ijyb (D:3)
  An iguana (D:3)
  A hound skeleton (D:3)
  Robin (D:3)
  6 adders
  An ooze (D:1)
  2 worms
  A dart slug (D:3)
  A giant cockroach (D:3)
  10 goblins
  8 hobgoblins
  6 jackals
  A quokka (D:2)
  11 bats
  6 frilled lizards
  10 kobolds
  10 rats
78 creatures vanquished.

Notes
Turn   | Place    | Note
-------+----------+-------------------------------------------
     0 | D:1      | Iflex the Merfolk Gladiator began the quest for the Orb.
     0 | D:1      | Reached XP level 1. HP: 16/16 MP: 1/1
    76 | D:1      | Reached XP level 2. HP: 19/22 MP: 2/2
   416 | D:1      | Reached skill level 5 in Polearms
   555 | D:2      | Reached XP level 3. HP: 28/28 MP: 3/3
   833 | D:2      | Reached XP level 4. HP: 34/34 MP: 4/4
  1304 | D:2      | Found a burning altar of Makhleb.
  1388 | D:2      | Noticed a green death
  1392 | D:2      | Noticed an orange demon
  1392 | D:2      | Noticed an orange demon
  1428 | D:3      | Noticed Robin
  1447 | D:3      | Killed Robin
  1447 | D:3      | Reached skill level 6 in Polearms
  1522 | D:3      | Noticed Terence
  1537 | D:3      | Killed Terence
  1537 | D:3      | Reached XP level 5. HP: 32/41 MP: 5/5
  1568 | D:3      | Found a runed door.
  1601 | D:3      | Noticed Ijyb
  1602 | D:3      | Found a radiant altar of Vehumet.
  1627 | D:3      | Killed Ijyb
  1627 | D:3      | Reached skill level 1 in Armour
  1627 | D:3      | Reached skill level 5 in Dodging
  1909 | D:3      | Found a sacrificial altar of Ru.
  2058 | D:3      | Found a glowing golden altar of the Shining One.
  2400 | D:3      | Reached skill level 7 in Polearms
  2400 | D:3      | Reached XP level 6. HP: 44/47 MP: 6/6
  2633 | D:3      | Found a sparkling altar of Nemelex Xobeh.
  2651 | D:3      | Noticed Grinder
  2690 | D:3      | Paralysed by Grinder for 4 turns
  2694 | D:3      | HP: 2/47 [Grinder/nerve-wracking pain (13)]
  2695 | D:3      | Slain by Grinder

Skill      XL: |  1  2  3  4  5 |
---------------+----------------+-----
Polearms       | 5 6 7 |  7.2
Fighting       | 3 |  3.6
Armour         | 1 |  1.0
Dodging        | 5 |  5.3
Throwing       | |  2.0
Stealth        | |  0.5

Action                   |  1- 3 |  4- 6 || total
-------------------------+-------+-------++-------
Melee: Trident           |    92 |   211 ||   303
Throw: Throwing net      |       |     5 ||     5
  Use: Scroll            |       |     6 ||     6
 Stab: Sleeping          |     3 |     1 ||     4
       Held in net/web   |       |     1 ||     1
  Eat: Chunk             |       |     6 ||     6
Armor: Leather armour    |    19 |    12 ||    31
       Animal skin       |       |    16 ||    16
Dodge: Dodged            |    54 |   145 ||   199
